 Dungeon Sprint DCSS version 0.21-a0-104-g7b58145 (webtiles) character file.

9046 Kidiri the Eclecticist (level 11, -12/74 HPs)
             Began as a Deep Elf Fire Elementalist on July 5, 2017.
             Was the Champion of Vehumet.
             Mangled by Rupert
             ... wielding a +3 triple sword of protection
              (24 damage)
             ... in the Dungeon (Sprint III: "The Ten Rune Challenge").
             The game lasted 00:16:53 (2847 turns).

Kidiri the Eclecticist (Deep Elf Fire Elementalist) Turns: 2847, Time: 00:16:53

Health: -12/74     AC:  4    Str:  5    XL:     11   Next: 17%
Magic:  10/33      EV: 20    Int: 24    God:    Vehumet [******]
Gold:   40         SH:  4    Dex: 15    Spells: 12/43 levels left

rFire    . . .     SeeInvis .   j - +0 dagger
rCold    . . .     Gourm    .   (no shield)
rNeg     . . .     Faith    .   a - +0 robe
rPois    .         Spirit   .   (no helmet)
rElec    .         Reflect  .   k - +0 cloak
rCorr    .         Harm     .   (no gloves)
MR       +....     NoTele   +   (no boots)
Stlth    +.........             (no amulet)
HPRegen  0.22/turn              (no ring)
MPRegen  0.23/turn              (no ring)

@: berserk cooldown, hasted and slowed, very slow
A: large bone plates 1, mutation resistance 1, robust 1
a: Renounce Religion


You were in the Dungeon.
You worshipped Vehumet.
Vehumet was exalted by your worship.
You were not hungry.

You visited 1 branch You collected 40 gold pieces.

Inventory:

Hand Weapons
 j - a +0 dagger (weapon)
Armour
 a - a +0 robe (worn)
 k - a +0 cloak (worn)
Wands
 d - a wand of lightning (6/15)
 u - a wand of polymorph (8/24)
Scrolls
 m - a scroll of torment
 o - 3 scrolls of remove curse
 r - a scroll of holy word {unknown}
Potions
 g - a potion of magic
 q - a potion of brilliance
 t - 3 potions of flight
Books
 b - a book of Flames

   Spells                             Type                      Level
   a - Flame Tongue                   Conjuration/Fire             1
   b - Throw Flame                    Conjuration/Fire             2
   c - Conjure Flame                  Conjuration/Fire             3
   d - Inner Flame                    Hexes/Fire                   3
   e - Sticky Flame                   Conjuration/Fire             4
   f - Fireball                       Conjuration/Fire             5
 l - a book of Minor Magic

   Spells                             Type                      Level
   a - Magic Dart                     Conjuration                  1
   b - Blink                          Translocation                2
   c - Call Imp                       Summoning                    2
   d - Slow                           Hexes                        2
   e - Conjure Flame                  Conjuration/Fire             3
   f - Mephitic Cloud                 Conjuration/Poison/Air       3
Comestibles
 s - a meat ration
 v - 24 royal jellies


   Skills:
 + Level 7.9 Fighting
 + Level 8.3 Short Blades
 + Level 7.9 Armour
 + Level 11.2 Dodging
 - Level 2.4 Stealth
 * Level 16.5 Spellcasting
 + Level 10.1 Conjurations
 + Level 10.7 Fire Magic
 + Level 7.3 Air Magic
 + Level 7.9 Poison Magic


You had 12 spell levels left.
You knew the following spells:

 Your Spells              Type           Power        Failure   Level  Hunger
a - Flame Tongue          Conj/Fire      #####        1%          1    None
b - Throw Flame           Conj/Fire      ######       1%          2    None
c - Conjure Flame         Conj/Fire      ######..     1%          3    None
d - Inner Flame           Hex/Fire       #####...     1%          3    None
e - Sticky Flame          Conj/Fire      ######..     1%          4    None
f - Fireball              Conj/Fire      ######....   1%          5    #......
g - Bolt of Fire          Conj/Fire      ######....   1%          6    ####...
h - Mephitic Cloud        Conj/Pois/Air  ######..     1%          3    None
i - Olgreb's Toxic Radia  Pois           ######..     1%          4    None


Dungeon Overview and Level Annotations

Branches:
Dungeon (1/1)

Altars:
Cheibriados
Dithmenos
Elyvilon
Fedhas
Gozag
Hepliaklqana
Kikubaaqudgha
Makhleb
Nemelex Xobeh
Okawaru
Qazlal
Ru
Sif Muna
Trog
Uskayaw
Vehumet
Wu Jian
Xom
Yredelemnul
Zin
The Shining One
Beogh
Jiyva
Lugonu

Annotations:
D exclusion: 4 doors, Rupert


Innate Abilities, Weirdness & Mutations

You are partially covered in large bone plates. (SH +4)
You are somewhat resistant to further mutation.
You are robust. (+10% HP)


Message History

Unknown command.
You hit Rupert but do no damage.
Rupert is severely wounded.
Rupert misses you.
Unknown command.
Rupert rages.
You enter the shallow water.
Moving in this stuff is going to be slow.
You feel a strong urge to attack something.
You are no longer berserk.
You are exhausted.
You feel yourself slow down.
Unknown command.
You feel yourself speed up. Rupert barely misses you.
Rupert hits you with a triple sword of protection!!
* * * LOW HITPOINT WARNING * * *
Unknown command.
Rupert rages.
Rupert hits you with a triple sword of protection!!
You die...

.......# ######'#
#__#...#+########################
#__#...#....#.#.#..)..#.....('...
#__#...##.#..#.##)###.#..(...#...
#__#...'##)#.#.##.#..##(....(#...
#__+...#...#..#).##.)'%......#...
▓▓▓▓▓▓▓▓▓▓▓▓▓▓▓▓▓▓▓▓▓#.......#...
♣♣♣♣≈§≈........@@≈...#.......#...
'♣♣'♣≈≈≈≈≈≈≈≈≈≈≈≈♣♣P.'.......#...
#.≈♣♣♣♣♣♣♣♣♣♣♣♣♣♣♣♣PP#.......####
#..♣♣ ♣♣♣##+###### ###+♣♣♣♣♣
♣♣♣.##..## ...##.##.# ♣.##.##.##+
♣..#.##.).#


You could see Rupert (berserk).

Vanquished Creatures
  Erolcha (D)
  Urug (D)
  A lindwurm (D)
  A deep elf mage (D)
  2 spiny frogs (D)
  A rime drake (D)
  A komodo dragon (D)
  A queen bee (D)
  3 wandering mushrooms (D)
  2 tyrant leeches (D)
  5 blink frogs (D)
  5 redbacks (D)
  A shadow (D)
  A spatial vortex (D)
  A swamp drake (D)
  A necrophage (D)
  5 two-headed ogres (D)
  A water elemental (D)
  25 killer bees (D)
  A jelly (D)
  Crazy Yiuf (D)
  Jessica (D)
  A wizard (D)
  A necromancer (D)
  A kobold demonologist (D)
  3 humans (D)
  2 rats (D)
70 creatures vanquished.

Vanquished Creatures (collateral kills)
  5 killer bees (D)
5 creatures vanquished.

Vanquished Creatures (others)
  2 draconian scorchers (D)
  6 hellions (D)
  2 yaktaurs (D)
  2 killer bees (D)
  3 plants (D)
15 creatures vanquished.

Grand Total: 90 creatures vanquished

Notes
Turn   | Place    | Note
-------+----------+-------------------------------------------
     0 | D        | Kidiri the Deep Elf Fire Elementalist began the quest for the Orb.
     0 | D        | Reached XP level 1. HP: 10/10 MP: 6/6
    35 | D        | Noticed Jessica
    40 | D        | Killed Jessica
    40 | D        | Reached skill level 1 in Fighting
    40 | D        | Reached skill level 1 in Armour
    40 | D        | Reached skill level 5 in Spellcasting
    40 | D        | Reached XP level 2. HP: 13/16 MP: 2/10
    44 | D        | Learned a level 2 spell: Throw Flame
   108 | D        | Killed a hellion
   108 | D        | Killed a hellion
   123 | D        | Reached XP level 3. HP: 21/21 MP: 6/12
   128 | D        | Learned a level 3 spell: Conjure Flame
   131 | D        | Killed a hellion
   132 | D        | Learned a level 3 spell: Inner Flame
   142 | D        | Killed a hellion
   142 | D        | Killed a yaktaur
   164 | D        | Noticed Crazy Yiuf
   166 | D        | Killed a hellion
   172 | D        | Killed Crazy Yiuf
   172 | D        | Reached skill level 6 in Spellcasting
   172 | D        | Reached XP level 4. HP: 15/26 MP: 4/14
   203 | D        | Learned a level 4 spell: Sticky Flame
   204 | D        | Gained mutation: You are resistant to hostile enchantments. (MR+) [potion of mutation]
   204 | D        | Lost mutation: You are resistant to hostile enchantments. (MR+) [potion of mutation]
   204 | D        | Gained mutation: You tend to lose your temper in combat. [potion of mutation]
   204 | D        | Gained mutation: Your spells are a little harder to cast, but a little more powerful. [potion of mutation]
   206 | D        | Lost mutation: You tend to lose your temper in combat. [potion of mutation]
   206 | D        | Lost mutation: Your spells are a little harder to cast, but a little more powerful. [potion of mutation]
   206 | D        | Gained mutation: You are partially covered in large bone plates. (SH +4) [potion of mutation]
   207 | D        | Lost mutation: You are partially covered in large bone plates. (SH +4) [potion of mutation]
   207 | D        | Gained mutation: You have a somewhat thin skeletal structure. (Dex +2, Stealth) [potion of mutation]
   207 | D        | Gained mutation: Your spells are a little easier to cast, but a little less powerful. [potion of mutation]
   207 | D        | Gained mutation: Your flesh is heat resistant. (rF+) [potion of mutation]
   208 | D        | Lost mutation: You have a somewhat thin skeletal structure. (Dex +2, Stealth) [potion of mutation]
   208 | D        | Lost mutation: Your spells are a little easier to cast, but a little less powerful. [potion of mutation]
   208 | D        | Lost mutation: Your flesh is heat resistant. (rF+) [potion of mutation]
   208 | D        | Gained mutation: You are partially covered in large bone plates. (SH +4) [potion of mutation]
   208 | D        | Gained mutation: You are robust. (+10% HP) [potion of mutation]
   208 | D        | Gained mutation: You are somewhat resistant to further mutation. [potion of mutation]
   232 | D        | Killed a white draconian scorcher
   243 | D        | Killed a hellion
   269 | D        | Killed a white draconian scorcher
   312 | D        | Noticed a water elemental
   316 | D        | Killed a water elemental
   316 | D        | Reached skill level 5 in Dodging
   316 | D        | Reached skill level 7 in Spellcasting
   316 | D        | Reached skill level 5 in Fire Magic
   356 | D        | Found a radiant altar of Vehumet.
   357 | D        | Found a deep blue altar of Sif Muna.
   357 | D        | Found an ancient bone altar of Kikubaaqudgha.
   357 | D        | Noticed a wizard
   359 | D        | Killed a wizard
   359 | D        | Reached skill level 8 in Spellcasting
   359 | D        | Reached XP level 5. HP: 35/35 MP: 11/17
   361 | D        | Noticed a red devil
   362 | D        | Noticed a chaos spawn
   378 | D        | Learned a level 5 spell: Fireball
   381 | D        | Became a worshipper of Vehumet
   452 | D        | Found a glowing silver altar of Zin.
   453 | D        | Found a glowing golden altar of the Shining One.
   453 | D        | Found a white marble altar of Elyvilon.
   453 | D        | Noticed a deep elf mage
   527 | D        | Killed a deep elf mage
   527 | D        | Reached skill level 11 in Spellcasting
   527 | D        | Reached XP level 6. HP: 23/42 MP: 9/22
   527 | D        | Reached XP level 7. HP: 27/48 MP: 9/23
   532 | D        | Learned a level 3 spell: Mephitic Cloud
   658 | D        | Found an ornate altar of the Wu Jian Council.
   658 | D        | Found a roughly hewn altar of Beogh.
   658 | D        | Found an iron altar of Okawaru.
   658 | D        | Found a bloodstained altar of Trog.
   658 | D        | Found a hide-covered altar of Uskayaw.
   658 | D        | Noticed a human
   661 | D        | Noticed a human
   665 | D        | Killed a human
   665 | D        | Reached skill level 1 in Air Magic
   665 | D        | Reached skill level 1 in Poison Magic
   674 | D        | Killed a human
   674 | D        | Reached * piety under Vehumet
   674 | D        | Offered knowledge of Shock by Vehumet.
   674 | D        | Reached skill level 5 in Armour
   769 | D        | Found a basalt altar of Yredelemnul.
   769 | D        | Found a shadowy altar of Dithmenos.
   769 | D        | Found a sacrificial altar of Ru.
   774 | D        | Reached skill level 5 in Fighting
   828 | D        | Reached ** piety under Vehumet
   828 | D        | Reached XP level 8. HP: 53/53 MP: 20/25
   834 | D        | Reached skill level 12 in Spellcasting
   884 | D        | Found a blossoming altar of Fedhas.
   884 | D        | Found a stormy altar of Qazlal.
   884 | D        | Found a snail-covered altar of Cheibriados.
   884 | D        | Found a burning altar of Makhleb.
   884 | D        | Found a shimmering altar of Xom.
   885 | D        | Found a hazy altar of Hepliaklqana.
   885 | D        | Found an opulent altar of Gozag.
   885 | D        | Found a sparkling altar of Nemelex Xobeh.
   885 | D        | Found a corrupted altar of Lugonu.
   885 | D        | Found a viscous altar of Jiyva.
   903 | D        | Offered knowledge of Sting by Vehumet.
  1007 | D        | Reached *** piety under Vehumet
  1007 | D        | Reached skill level 5 in Short Blades
  1020 | D        | Offered knowledge of Searing Ray by Vehumet.
  1130 | D        | Noticed a two-headed ogre
  1140 | D        | Killed a two-headed ogre
  1194 | D        | Noticed a two-headed ogre
  1194 | D        | Noticed Erolcha
  1197 | D        | Offered knowledge of Static Discharge by Vehumet.
  1197 | D        | Reached skill level 13 in Spellcasting
  1197 | D        | Reached XP level 9. HP: 60/60 MP: 17/28
  1212 | D        | Killed a two-headed ogre
  1212 | D        | Reached **** piety under Vehumet
  1222 | D        | Killed Erolcha
  1222 | D        | Reached skill level 5 in Poison Magic
  1390 | D        | Noticed a queen bee
  1395 | D        | Offered knowledge of Airstrike by Vehumet.
  1395 | D        | Reached skill level 14 in Spellcasting
  1396 | D        | Killed a queen bee
  1396 | D        | Reached ***** piety under Vehumet
  1396 | D        | Reached skill level 5 in Air Magic
  1513 | D        | Reached ****** piety under Vehumet
  1516 | D        | Reached XP level 10. HP: 40/67 MP: 14/30
  1653 | D        | Offered knowledge of Conjure Ball Lightning by Vehumet.
  1828 | D        | Reached skill level 10 in Dodging
  1828 | D        | Reached skill level 15 in Spellcasting
  1968 | D        | Noticed a spiny frog
  1968 | D        | Noticed a spiny frog
  1971 | D        | Killed a spiny frog
  1973 | D        | Killed a spiny frog
  1977 | D        | Offered knowledge of Olgreb's Toxic Radiance by Vehumet.
  1977 | D        | Reached skill level 10 in Fire Magic
  1983 | D        | Learned a level 4 spell: Olgreb's Toxic Radiance
  2118 | D        | Noticed a lindwurm
  2139 | D        | Killed a lindwurm
  2345 | D        | Offered knowledge of Bolt of Fire by Vehumet.
  2345 | D        | Reached skill level 16 in Spellcasting
  2353 | D        | Learned a level 6 spell: Bolt of Fire
  2367 | D        | Noticed Urug
  2371 | D        | Killed Urug
  2371 | D        | Reached XP level 11. HP: 74/74 MP: 16/33
  2632 | D        | Reached skill level 10 in Conjurations
  2795 | D        | Noticed Rupert
  2800 | D        | Paralysed by Rupert for 3 turns
  2834 | D        | Paralysed by Rupert for 4 turns
  2847 | D        | Mangled by Rupert

Vault maps used:
D:        dungeon_sprint_mu

Skill      XL: |  1  2  3  4  5  6  7  8  9 10 11 |
---------------+----------------------------------+-----
Fighting       | 1 2 3 4 5 6 7 |  7.9
Armour         | 1 2 3 4 5 6 7 |  7.9
Dodging        | 3 4 5 7 8 9 10 11 | 11.2
Spellcasting   | 5 6 8 11 13 14 16 | 16.5
Conjurations   | 2 3 4 6 7 8 9 10 | 10.1
Fire Magic     | 4 5 7 8 9 10 | 10.7
Short Blades   | 3 4 5 6 8 |  8.3
Air Magic      | 2 4 5 6 7 |  7.3
Poison Magic   | 2 4 5 7 |  7.9
Stealth        | |  2.4

Action                   |  1- 3 |  4- 6 |  7- 9 | 10-12 || total
-------------------------+-------+-------+-------+-------++-------
Melee: Dagger            |       |     1 |    15 |    21 ||    37
       Unarmed           |       |     1 |       |       ||     1
 Cast: Flame Tongue      |    15 |     4 |    53 |    39 ||   111
       Throw Flame       |     1 |       |     1 |       ||     2
       Sticky Flame      |       |     5 |     8 |    16 ||    29
       Conjure Flame     |       |     1 |     6 |     5 ||    12
       Fireball          |       |       |     7 |     2 ||     9
       Mephitic Cloud    |       |       |     9 |     3 ||    12
       Inner Flame       |       |       |     2 |       ||     2
       Olgreb's Toxic Ra |       |       |       |     5 ||     5
       Bolt of Fire      |       |       |       |    13 ||    13
  Use: Potion            |       |     4 |       |     6 ||    10
       Scroll            |       |     2 |       |     1 ||     3
 Stab: Sleeping          |       |       |       |     1 ||     1
  Eat: Chunk             |       |       |     3 |       ||     3
       Fruit             |       |       |       |     4 ||     4
       Bread ration      |       |       |       |     1 ||     1
Armor: Robe              |     1 |     1 |       |     5 ||     7
Dodge: Dodged            |     2 |     4 |    15 |    53 ||    74
Block: Other             |       |       |     3 |     7 ||    10
